[Event "Titled Tuesday Blitz March 07 Late 2023"]
[White "Samsonkin, Artiom"]
[Black "Guzman, Christopher"]
[WhiteFideId "13503111"]
[BlackFideId "6405096"]
[WhiteElo "2524"]
[BlackElo "2281"]
[Result "1-0"]
[Round "05"]
[TimeControl "180+2"]
[Date "2023.03.07"]
[WhiteClock "0:00:06"]
[BlackClock "0:00:15"]

1. e4 c6 2. d4 d5 3. e5 Bf5 4. h4 h5 5. c4 e6 6. Nc3 Nd7 7. Nge2 Bg4 8. Qb3 Qb6 9. c5 Qxb3 10. axb3 a6 11. Ng3 Ne7 12. b4 Rb8 13. Bd3 g6 14. Bg5 Bf5 15. Kd2 Bxd3 16. Kxd3 Bg7 17. Rhe1 Nf8 18. Nf1 Nf5 19. Nd2 Bh6 20. Bxh6 Rxh6 21. g3 Ke7 22. Nd1 Nd7 23. Ne3 Rhh8 24. Nb3 Rhc8 25. Na5 Nf8 26. Nxf5+ exf5 27. Nb3 Ne6 28. Nc1 Kd7 29. Ne2 Re8 30. Nf4 Nxf4+ 31. gxf4 Kc7 32. Re3 Re6 33. Ree1 Ra8 34. Kc3 Ree8 35. Re3 Kd7 36. Kb3 Kc7 37. Kc3 Rab8 38. Kb3 Kd7 39. Ka4 Re6 40. Ka5 Kc7 41. Rg1 Ra8 42. Rge1 Rae8 43. Rg1 Rb8 44. Rge1 b6+ 45. cxb6+ Rxb6 46. Rc1 Rb5+ 47. Ka4 Kb7 48. Rc5 Kb6 49. Rxb5+ axb5+ 50. Kb3 Re8 51. Re1 Kb7 52. Kc3 Re6 53. Ra1 Re8 54. Kb3 Rc8 55. Re1 Re8 56. Kc3 Kc7 57. f3 Kb6 58. Ra1 Kb7 59. Ra5 Re6 60. Ra1 Re8 61. Re1 Kc7 62. Kd3 Re6 63. Ra1 Kb7 64. Ra3 Re8 65. Kc3 Rb8 66. Ra1 Rg8 67. Re1 Re8 68. Re2 Kc7 69. Rg2 Kd7 70. Rg1 Ra8 71. Kb3 Ke6 72. Rc1 Ra6 73. Rc5 Kd7 74. Rc1 Ra4 75. Re1 Ra8 76. Rg1 Ra7 77. Rc1 Ra6 78. Re1 Ke6 79. Rc1 Ke7 80. Kc2 Kd7 81. Kb3 Ra4 82. Rg1 Ra8 83. Rc1 Ra6 84. Rd1 Ke8 85. Re1 Ke7 86. Rd1 f6 87. Rc1 fxe5 88. fxe5 Ke6 89. f4 Kf7 90. Rg1 Ra8 91. Rc1 Ra6 92. Rg1 Kg7 93. e6 Kf6 94. e7 Ra8 95. Rc1 Kxe7 96. Rxc6 Rg8 97. Rc5 Kd6 98. Rxb5 Kc6 99. Rc5+ Kd6 100. b5 Re8 101. b6 Rb8 102. Rb5 Kc6 103. Rb4 Kb7 104. Ka4 Re8 105. Kb5 Re4 106. Ra4 Rxf4 107. Ra7+ Kb8 108. Kc5 Rf2 109. Rg7 Rc2+ 110. Kxd5 Rxb2 111. Kc6 Rc2+ 112. Kd5 Rb2 113. Rxg6 Kb7 114. Rf6 Rh2 115. Ke5 Rxh4 116. d5 Re4+ 117. Kxf5 Re8 118. d6 Re1 119. d7 Rd1 120. Ke6 Kxb6 121. Rf8 Re1+ 122. Kf6 Rf1+ 123. Kg7 Rxf8 124. Kxf8 h4 125. Ke7 1-0


[Site "https://www.chess.com"]

[Event "Titled Tuesday Blitz March 07 Late 2023"]
[White "Corrales Jimenez, Fidel"]
[Black "Fishbein, Alexander"]
[WhiteFideId "3506690"]
[BlackFideId "2000377"]
[WhiteElo "2541"]
[BlackElo "2415"]
[Result "1-0"]
[Round "05"]
[TimeControl "180+2"]
[Date "2023.03.07"]
[WhiteClock "0:00:50"]
[BlackClock "0:00:16"]

1. e4 c5 2. Nf3 Nc6 3. d4 cxd4 4. Nxd4 Nf6 5. Nc3 d6 6. Bg5 e6 7. Qd2 Be7 8. O-O-O O-O 9. Bxf6 Bxf6 10. Nb3 a5 11. a4 Nb4 12. Kb1 d5 13. exd5 exd5 14. Nxd5 Nxd5 15. Qxd5 Qb6 16. Qc5 Qb4 17. Qxb4 axb4 18. Bb5 Bf5 19. Rd2 Rfd8 20. Rhd1 Rxd2 21. Rxd2 h5 22. f3 h4 23. h3 Rc8 24. Na5 Bg5 25. Re2 b6 26. Nb3 Rd8 27. Ka2 Bf6 28. Bc6 Be6 29. Re4 Be7 30. Re1 Bf6 31. Be4 Rd2 32. f4 Rf2 33. f5 Bxf5 34. Bxf5 Rxf5 35. Re2 Rd5 36. Nd2 Re5 37. Rxe5 Bxe5 38. Kb3 f5 39. Nc4 Bd4 40. Kxb4 Kf7 41. c3 Bf2 42. Kb5 Ke6 43. Nxb6 g5 44. a5 1-0


[Site "https://www.chess.com"]

[Event "Titled Tuesday Blitz March 07 Late 2023"]
[White "Krzyzanowski, Marcin"]
[Black "Prem, Pranav"]
[WhiteFideId "1132199"]
[BlackFideId "30901057"]
[WhiteElo "2471"]
[BlackElo "1970"]
[Result "1-0"]
[Round "05"]
[TimeControl "180+2"]
[Date "2023.03.07"]
[WhiteClock "0:00:55"]
[BlackClock "0:00:01"]

1. c4 e6 2. g3 d5 3. Bg2 Nf6 4. Nf3 dxc4 5. Qa4+ Nbd7 6. O-O a6 7. Qxc4 c5 8. d3 b5 9. Qb3 Bb7 10. a4 Qb6 11. Nc3 b4 12. Nb1 Bd5 13. Qc2 a5 14. Nbd2 Be7 15. e4 Bb7 16. Nc4 Qa6 17. Be3 O-O 18. b3 Rfd8 19. Rac1 Rac8 20. Nfd2 Ng4 21. Bf4 g5 22. Be3 Nde5 23. Nxe5 Nxe5 24. Nc4 Nxc4 25. dxc4 Bf6 26. Qe2 h6 27. Rcd1 Bd4 28. h4 f6 29. hxg5 hxg5 30. Bxd4 cxd4 31. f4 Qb6 32. Rd3 e5 33. fxg5 fxg5 34. Rf5 Qg6 35. Qg4 Kh7 36. Rxg5 1-0


[Site "https://www.chess.com"]

[Event "Titled Tuesday Blitz March 07 Late 2023"]
[White "Flores Quillas, Diego Saul Rodri"]
[Black "Baskakov, Egor"]
[WhiteFideId "3822508"]
[BlackFideId "24197866"]
[WhiteElo "2326"]
[BlackElo "2212"]
[Result "0-1"]
[Round "05"]
[TimeControl "180+2"]
[Date "2023.03.07"]
[WhiteClock "0:00:43"]
[BlackClock "0:01:46"]

1. e4 c5 2. Nf3 Nf6 3. e5 Nd5 4. Nc3 e6 5. Nxd5 exd5 6. d4 Nc6 7. dxc5 Bxc5 8. Qxd5 d6 9. exd6 Qb6 10. Bc4 Bxf2+ 11. Ke2 O-O 12. d7 Bxd7 13. Qxd7 Rad8 14. Qxd8 Rxd8 15. Rf1 Bc5 16. Bb3 Qb5+ 17. c4 Qb6 18. Bd2 Nd4+ 19. Nxd4 Bxd4 20. c5 Qb5+ 21. Kf3 Qd3+ 22. Kg4 Qxd2 23. Rxf7 Qxg2+ 24. Kf4 Kh8 25. Rd1 Qxh2+ 26. Ke4 Qe2+ 27. Kf4 Be5+ 28. Kf5 g6+ 29. Kg5 Qg2+ 0-1


[Site "https://www.chess.com"]

[Event "Titled Tuesday Blitz March 07 Late 2023"]
[White "Vlassov, Nikolai"]
[Black "Real_OceanStorm"]
[WhiteFideId "4103360"]
[WhiteElo "2324"]
[BlackElo "2785"]
[Result "0-1"]
[Round "05"]
[TimeControl "180+2"]
[Date "2023.03.07"]
[WhiteClock "0:00:02"]
[BlackClock "0:00:03"]

1. e4 c5 2. c3 Nc6 3. d4 cxd4 4. cxd4 d5 5. exd5 Qxd5 6. Nf3 Bg4 7. Nc3 Bxf3 8. gxf3 Qxd4 9. Qxd4 Nxd4 10. Nb5 Nc2+ 11. Kd1 Nxa1 12. Nc7+ Kd7 13. Nxa8 g6 14. Bb5+ Kc8 15. Bf4 Bh6 16. Bxh6 Nxh6 17. Ke2 Kb8 18. Rxa1 Kxa8 19. Rd1 e6 20. Rd7 Kb8 21. Bd3 Kc8 22. Re7 Rd8 23. Be4 Rd7 24. Rxd7 Kxd7 25. Bxb7 Nf5 26. Kd3 Nd6 27. Ba8 g5 28. b4 f5 29. a4 Kc7 30. Kd4 Nf7 31. a5 Kd6 32. b5 Ne5 33. Bb7 Nd7 34. Bc8 Ne5 35. Bb7 h6 36. a6 Nd7 37. Bc6 Nb6 38. Ke3 e5 39. Kd3 Kc5 40. Kc3 Nc4 41. Bd7 Nd6 42. Kd3 f4 43. Bc6 Nxb5 44. Bb7 Nd6 45. h3 Kb6 46. Bd5 Kxa6 47. Be6 Kb5 48. Kc3 a5 49. Bd7+ Kb6 50. Kb3 h5 51. Ka4 e4 52. fxe4 Nxe4 53. f3 Nc5+ 0-1


[Site "https://www.chess.com"]

[Event "Titled Tuesday Blitz March 07 Late 2023"]
[White "Costachi, Mihnea"]
[Black "Melikyan, Gnel"]
[WhiteFideId "1217518"]
[BlackFideId "54109990"]
[WhiteElo "2456"]
[BlackElo "2138"]
[Result "1-0"]
[Round "05"]
[TimeControl "180+2"]
[Date "2023.03.07"]
[WhiteClock "0:00:03"]
[BlackClock "0:00:02"]

1. d4 Nf6 2. c4 g6 3. Nc3 Bg7 4. e4 d6 5. Be2 O-O 6. Bg5 c5 7. d5 h6 8. Be3 e6 9. Nf3 exd5 10. cxd5 Re8 11. Nd2 a6 12. a4 Nbd7 13. O-O b6 14. h3 Bb7 15. Re1 Qc7 16. Qc2 Re7 17. g3 Rae8 18. Bf3 Qb8 19. Bg2 Ba8 20. Qb3 Rd8 21. Nc4 Ne8 22. f4 Bd4 23. Kh2 Nef6 24. Rad1 Bxc3 25. Qxc3 Nxe4 26. Bxe4 Rxe4 27. f5 g5 28. Bxg5 Rxe1 29. Rxe1 hxg5 30. Qe3 f6 31. Qe6+ Kf8 32. Nxd6 Bxd5 33. Qxd5 Ne5 34. Rd1 Qc7 35. Qe6 Qe7 36. Kg2 1-0


[Site "https://www.chess.com"]

[Event "Titled Tuesday Blitz March 07 Late 2023"]
[White "Yanchenko, Roman"]
[Black "Czernek, Tymon"]
[WhiteFideId "4137329"]
[BlackFideId "1199510"]
[WhiteElo "2491"]
[BlackElo "2156"]
[Result "0-1"]
[Round "05"]
[TimeControl "180+2"]
[Date "2023.03.07"]
[WhiteClock "0:00:27"]
[BlackClock "0:00:35"]

1. d4 d5 2. Nf3 e6 3. c4 Nf6 4. Nc3 Bb4 5. Bf4 dxc4 6. a4 O-O 7. e3 c5 8. dxc5 Qa5 9. Be5 Nbd7 10. Bxf6 Nxf6 11. Qc2 Nd5 12. Rc1 Qxc5 13. Nd2 Bxc3 14. bxc3 Nb6 15. Be2 Bd7 16. Ra1 a5 17. O-O Rfc8 18. Rfb1 Bc6 19. Bf3 Rd8 20. Bxc6 Qxc6 21. Nf3 Ra6 22. Rb5 Rd3 23. Ne5 Qe4 24. Nxd3 cxd3 25. Qb3 Nd5 26. Rxb7 h6 27. Rb8+ Kh7 28. Qb7 Rb6 29. Qa8 Rxb8 30. Qxb8 d2 31. Qb2 Nf4 32. Qb1 d1=Q+ 33. Qxd1 Qxg2# 0-1


[Site "https://www.chess.com"]

[Event "Titled Tuesday Blitz March 07 Late 2023"]
[White "Rorrer, Grayson"]
[Black "Ismagilov, Damir"]
[WhiteFideId "30944996"]
[BlackFideId "34199982"]
[WhiteElo "2200"]
[BlackElo "2078"]
[Result "1-0"]
[Round "05"]
[TimeControl "180+2"]
[Date "2023.03.07"]
[WhiteClock "0:00:02"]
[BlackClock "0:00:02"]

1. c4 e5 2. Nc3 Bb4 3. Nd5 Be7 4. e3 Nf6 5. Nf3 d6 6. d4 Nbd7 7. Nxe7 Qxe7 8. Be2 exd4 9. Nxd4 Ne5 10. Qc2 O-O 11. O-O Nc6 12. Rd1 Nxd4 13. Rxd4 Be6 14. b3 Qd7 15. Bb2 Bg4 16. Bd3 h6 17. h3 Be6 18. Rh4 Qe7 19. Qc3 a5 20. Rd1 a4 21. Rf4 Nh5 22. Rf3 axb3 23. axb3 Bd7 24. Bb1 Bc6 25. Rf5 Nf6 26. f3 Bd7 27. Rf4 Nh5 28. Rfd4 Qg5 29. h4 Qg3 30. Qe1 Qxe1+ 31. Rxe1 Nf6 32. Kf2 Bc6 33. e4 Nd7 34. Rdd1 Ne5 35. g4 Ng6 36. Kg3 Rfe8 37. h5 Ne5 38. f4 Nd7 39. Re2 Nc5 40. e5 dxe5 41. Bxe5 Re7 42. b4 f6 43. bxc5 fxe5 44. Rxe5 1-0


[Site "https://www.chess.com"]

[Event "Titled Tuesday Blitz March 07 Late 2023"]
[White "EREBUNI91"]
[Black "Kavutskiy, Konstantin"]
[BlackFideId "2026384"]
[WhiteElo "2745"]
[BlackElo "2369"]
[Result "1-0"]
[Round "05"]
[TimeControl "180+2"]
[Date "2023.03.07"]
[WhiteClock "0:00:12"]
[BlackClock "0:00:16"]

1. e4 c5 2. Nc3 e6 3. Nf3 Nc6 4. Bb5 Nd4 5. Bd3 Nc6 6. O-O g5 7. b3 Bg7 8. Bb2 g4 9. Ne1 h5 10. Qc1 d6 11. Ne2 Qg5 12. f4 Qh6 13. Bxg7 Qxg7 14. c3 Nge7 15. Bc2 b6 16. Qd1 Ba6 17. d3 h4 18. Qd2 O-O-O 19. a4 f5 20. b4 Bb7 21. d4 d5 22. e5 c4 23. a5 b5 24. a6 Ba8 25. Bb1 Rd7 26. Nc2 Nd8 27. Ra5 Ndc6 28. Rxb5 Rc7 29. Rc5 Nb8 30. b5 Nd7 31. Rxc7+ Kxc7 32. Ne3 Nb6 33. Qb2 Qf8 34. Bc2 Ng6 35. Nxg4 fxg4 36. Bxg6 h3 37. g3 Qe7 38. f5 exf5 39. Rxf5 Rf8 40. Qc2 Qa3 41. Rxf8 Qxf8 42. Qf5 Qa3 43. Qf7+ Nd7 44. e6 Qa1+ 45. Kf2 Qh1 46. Qxd7+ Kb6 47. Qd6+ Ka5 48. Qb4+ Kb6 49. Qc5+ Ka5 50. b6+ Kxa6 51. e7 Qg2+ 52. Ke3 Qf3+ 53. Kd2 axb6 54. Qa3+ Kb7 55. e8=Q 1-0


[Site "https://www.chess.com"]

[Event "Titled Tuesday Blitz March 07 Late 2023"]
[White "Kretchetov, Alexandre"]
[Black "Hambleton, Aman"]
[WhiteFideId "4124588"]
[BlackFideId "2606577"]
[WhiteElo "2546"]
[BlackElo "2511"]
[Result "0-1"]
[Round "05"]
[TimeControl "180+2"]
[Date "2023.03.07"]
[WhiteClock "0:00:14"]
[BlackClock "0:00:04"]

1. d4 Nf6 2. c4 e6 3. Nc3 Bb4 4. Qc2 c5 5. dxc5 Qc7 6. Nf3 Bxc5 7. Bg5 a6 8. e3 Be7 9. Be2 d6 10. O-O b6 11. Rac1 Bb7 12. Rfd1 Nbd7 13. h3 O-O 14. b3 Rac8 15. Qb2 Rfd8 16. Bf4 h6 17. Bh2 Nc5 18. Nd4 Qb8 19. Bf1 Qa8 20. b4 Ncd7 21. f3 d5 22. cxd5 Nxd5 23. Nxd5 Bxd5 24. Kh1 b5 25. e4 Rxc1 26. Rxc1 Bb7 27. Rc7 Bf6 28. Qf2 Qa7 29. Bg1 Be5 30. Rc2 Nf6 31. Nc6 Qxf2 32. Bxf2 Bxc6 33. Rxc6 Rd2 34. Kg1 Rxa2 35. Be3 g5 36. h4 gxh4 37. f4 Ba1 38. Bd3 Ng4 39. Bb6 Ra3 40. Rd6 Bf6 41. Kf1 Be7 42. Rd7 Bxb4 43. e5 Bc3 44. Rd8+ Kg7 45. Rd7 Ra1+ 46. Ke2 Ra2+ 47. Kf3 Nh2+ 48. Ke4 Rxg2 49. f5 exf5+ 50. Kxf5 Rg5+ 51. Kf4 Bxe5+ 52. Ke4 Ng4 53. Bd8 Nf6+ 54. Bxf6+ Bxf6 55. Rd6 Re5+ 56. Kf4 Re6 57. Rd7 Be5+ 58. Kf5 Rd6 59. Rxd6 Bxd6 60. Be4 h3 0-1


[Site "https://www.chess.com"]

[Event "Titled Tuesday Blitz March 07 Late 2023"]
[White "Do Nascimento,Christian Almeida"]
[Black "Adewumi, Tanitoluwa"]
[WhiteFideId "2143801"]
[BlackFideId "30966396"]
[WhiteElo "2125"]
[BlackElo "2742"]
[Result "0-1"]
[Round "05"]
[TimeControl "180+2"]
[Date "2023.03.07"]
[WhiteClock "0:00:14"]
[BlackClock "0:00:05"]

1. d4 Nf6 2. Bg5 e6 3. e4 h6 4. Bxf6 Qxf6 5. c3 c5 6. Bd3 cxd4 7. Nf3 Nc6 8. O-O Bc5 9. cxd4 Nxd4 10. Nxd4 Bxd4 11. Nc3 O-O 12. Rc1 a6 13. Qg4 b5 14. a3 Bb7 15. Kh1 Rac8 16. f4 d6 17. f5 Bxc3 18. bxc3 Rxc3 19. fxe6 fxe6 20. Qd1 Rxc1 21. Qxc1 Rc8 22. Qe3 Qg5 23. Qf3 Qe7 24. a4 Rf8 25. Qxf8+ Qxf8 26. Rxf8+ Kxf8 27. axb5 axb5 28. e5 b4 29. exd6 Ke8 30. Bb5+ Kd8 31. Kg1 b3 32. Bd3 Kd7 33. Kf2 Kxd6 34. g3 Ke5 35. Ke3 Bd5 36. h4 b2 37. Bb1 g5 38. hxg5 hxg5 39. Kd2 Be4 0-1


[Site "https://www.chess.com"]

[Event "Titled Tuesday Blitz March 07 Late 2023"]
[White "Berezin, Viktor"]
[Black "Fernandez Guillen, Ernesto J."]
[WhiteFideId "14107872"]
[BlackFideId "3512428"]
[WhiteElo "2310"]
[BlackElo "2423"]
[Result "1-0"]
[Round "05"]
[TimeControl "180+2"]
[Date "2023.03.07"]
[WhiteClock "0:00:07"]
[BlackClock "0:00:14"]

1. d4 Nf6 2. c4 g6 3. Nf3 d6 4. g3 Bg7 5. Bg2 O-O 6. O-O c6 7. Nc3 Qc7 8. h3 e5 9. e4 Nbd7 10. Re1 Rd8 11. Be3 exd4 12. Bxd4 Ne5 13. Nxe5 dxe5 14. Bxe5 Qe7 15. Bxf6 Bxf6 16. Qe2 Bxc3 17. bxc3 Be6 18. Rad1 Qc5 19. Qb2 b6 20. Rd4 Bxc4 21. Red1 Re8 22. a4 Be6 23. Kh2 h5 24. Qb4 h4 25. Qxc5 hxg3+ 26. Kxg3 bxc5 27. Rd6 Rab8 28. Rxc6 c4 29. Bf1 Rec8 30. Rxc8+ Rxc8 31. Rd4 Rc5 32. f4 Kf8 33. h4 Ke7 34. Kf3 f6 35. Ke3 Rc8 36. Be2 Rc5 37. Bf1 Bf7 38. Be2 Rc7 39. Bf1 Kf8 40. Be2 Kg7 41. e5 fxe5 42. fxe5 Rc5 43. Ke4 Be6 44. Rd6 Bf5+ 45. Kd4 Ra5 46. Bxc4 Rxa4 47. Rc6 Kf8 48. Kc5 Ra5+ 49. Kd6 Ra1 50. Rc7 Rd1+ 51. Kc5 a5 52. Ra7 Re1 53. Kd6 Rd1+ 54. Kc5 Re1 55. Kd6 Re4 56. Ra8+ Kg7 57. Bd5 Rxh4 58. e6 Bxe6 59. Bxe6 a4 60. c4 Kf6 61. Rxa4 g5 62. Ra2 g4 63. Rf2+ Kg5 64. Rg2 Rh6 65. Rxg4+ Kh5 66. Rd4 Rf6 67. Re4 Rf8 68. c5 Rd8+ 69. Bd7 Rf8 70. c6 Rf6+ 71. Re6 Rf1 72. c7 1-0


[Site "https://www.chess.com"]

[Event "Titled Tuesday Blitz March 07 Late 2023"]
[White "Grover, Sahaj"]
[Black "Sokac, Marko"]
[WhiteFideId "5021103"]
[BlackFideId "14531356"]
[WhiteElo "2432"]
[BlackElo "2355"]
[Result "1-0"]
[Round "05"]
[TimeControl "180+2"]
[Date "2023.03.07"]
[WhiteClock "0:00:05"]
[BlackClock "0:00:14"]

1. c4 e5 2. Nc3 Nf6 3. Nf3 Nc6 4. e3 d5 5. cxd5 Nxd5 6. Bc4 Nb6 7. Bb3 Be7 8. d4 exd4 9. exd4 Bg4 10. h3 Bh5 11. g4 Bg6 12. Be3 Na5 13. Ne5 Nxb3 14. Qxb3 a6 15. O-O-O Qd6 16. Bf4 O-O-O 17. h4 h5 18. Bg3 Qb4 19. Nxg6 fxg6 20. Qe6+ Rd7 21. a3 Qa5 22. Rd3 hxg4 23. Qxg6 Nc4 24. Qxg4 Bxa3 25. bxa3 Qxa3+ 26. Kc2 Qb2+ 27. Kd1 Qa1+ 28. Ke2 Qxh1 29. Qe6 Kd8 30. Qxc4 Re8+ 31. Kd2 b5 32. Qb3 c5 33. Qa3 c4 34. Qa5+ Kc8 35. Re3 Rxd4+ 36. Kc2 Rxe3 37. Qc7# 1-0


[Site "https://www.chess.com"]

[Event "Titled Tuesday Blitz March 07 Late 2023"]
[White "Nasuta, Grzegorz"]
[Black "Nilsen, Tobias Lang"]
[WhiteFideId "1141686"]
[BlackFideId "1521624"]
[WhiteElo "2449"]
[BlackElo "2183"]
[Result "0-1"]
[Round "05"]
[TimeControl "180+2"]
[Date "2023.03.07"]
[WhiteClock "0:00:45"]
[BlackClock "0:02:05"]

1. e4 e6 2. d4 d5 3. Bd3 c5 4. exd5 exd5 5. Nf3 Nf6 6. O-O c4 7. Be2 Be7 8. b3 cxb3 9. axb3 O-O 10. c4 Nc6 11. Nc3 a6 12. Bg5 dxc4 13. bxc4 h6 14. Bh4 Bg4 15. d5 Bxf3 16. Bxf3 Ne5 17. Be2 Rc8 18. Qd4 Ng6 19. Bg3 Bc5 20. Qd3 Re8 21. Rad1 Bd6 22. Qd4 Bxg3 23. hxg3 Qd6 24. Na4 Rxe2 25. c5 Qe5 26. Nb6 Rd8 27. Qxe5 Rxe5 28. c6 bxc6 29. dxc6 Rxd1 30. Rxd1 Rc5 31. Rd6 Ne5 32. Nc8 Rc1+ 33. Kh2 Neg4+ 0-1


[Site "https://www.chess.com"]

[Event "Titled Tuesday Blitz March 07 Late 2023"]
[White "reevecanada"]
[Black "Weichhold, Pawel"]
[BlackFideId "1139703"]
[WhiteElo "2523"]
[BlackElo "2330"]
[Result "1/2-1/2"]
[Round "05"]
[TimeControl "180+2"]
[Date "2023.03.07"]
[WhiteClock "0:00:30"]
[BlackClock "0:00:09"]

1. e4 c5 2. Nf3 Nc6 3. Bb5 e6 4. O-O Nge7 5. c3 a6 6. Ba4 b5 7. Bc2 d5 8. d4 cxd4 9. Nxd4 Nxd4 10. Qxd4 Bb7 11. Rd1 dxe4 12. Qe3 Nd5 13. Qxe4 Qc7 14. Bb3 Nxc3 15. Qc2 Nd5 16. Qxc7 Nxc7 17. Nc3 Bb4 18. Bf4 Bxc3 19. bxc3 Nd5 20. Be5 f6 21. Bd4 Rc8 22. Re1 Kf7 23. Rad1 Rhe8 24. g3 Re7 25. f4 g6 26. Rc1 Rd7 27. Kf2 Rd6 28. a3 Nb6 29. Rxe6 Rxe6 30. Bxb6 Ke7 31. Bxe6 Kxe6 32. Re1+ Kd6 33. Ba5 Bd5 34. Bb4+ Kc6 35. Re7 h5 36. Rg7 Be4 37. Rf7 Bf5 38. Rxf6+ Kd5 39. Rxa6 Re8 40. Rb6 Kc4 41. Rc6+ Kd3 42. Rd6+ Kc4 43. Rd4+ Kb3 44. Rd5 Ka4 45. Rc5 Bg4 46. Re5 Rd8 47. Ke3 Rd1 48. Re7 Re1+ 49. Kd4 Rxe7 50. Bxe7 Be6 51. Ke5 Bf5 52. Bb4 Bd3 53. Kf6 Kb3 54. Kg5 Kc4 55. h3 Kd5 56. g4 hxg4 57. hxg4 Ke6 58. Bc5 Bc2 59. Bb4 Bd3 60. Kh4 Bc2 61. Kg3 Kd5 62. Kf3 Bd3 63. Ke3 Bc2 64. Kf3 Bd3 65. Kg3 Bc2 66. Kh4 Ke6 67. Kg5 Bd3 1/2-1/2


[Site "https://www.chess.com"]

[Event "Titled Tuesday Blitz March 07 Late 2023"]
[White "Sreyas Payyappat"]
[Black "Aldokhin, Ivan"]
[WhiteFideId "46674969"]
[BlackFideId "24115720"]
[WhiteElo "2083"]
[BlackElo "2322"]
[Result "0-1"]
[Round "05"]
[TimeControl "180+2"]
[Date "2023.03.07"]
[WhiteClock "0:00:09"]
[BlackClock "0:01:05"]

1. e4 c5 2. Nf3 e6 3. d4 cxd4 4. Nxd4 a6 5. Nc3 Qc7 6. Be3 Nf6 7. Bd3 b5 8. O-O Bb7 9. a3 d6 10. f4 Nbd7 11. g4 h6 12. g5 hxg5 13. fxg5 d5 14. Qe2 dxe4 15. Bxb5 axb5 16. gxf6 gxf6 17. Ndxb5 Qe5 18. Rad1 Bc5 19. b4 Bxe3+ 20. Kh1 Bf4 21. Nd6+ Qxd6 22. Rxd6 Bxd6 23. Kg1 Ke7 24. Nxe4 Rag8+ 25. Kf2 Rxh2+ 26. Ke1 Rxe2+ 27. Kxe2 Bxe4 0-1


[Site "https://www.chess.com"]

[Event "Titled Tuesday Blitz March 07 Late 2023"]
[White "Rangel, Daniel"]
[Black "Goltsev, Dmitry"]
[WhiteFideId "2124475"]
[BlackFideId "24176710"]
[WhiteElo "2256"]
[BlackElo "2336"]
[Result "0-1"]
[Round "05"]
[TimeControl "180+2"]
[Date "2023.03.07"]
[WhiteClock "0:00:04"]
[BlackClock "0:00:24"]

1. c4 Nf6 2. g3 e6 3. Bg2 d5 4. Nf3 dxc4 5. Qa4+ Nbd7 6. Qxc4 Nb6 7. Qc2 Be7 8. O-O O-O 9. b3 a5 10. a3 c6 11. Bb2 Nbd7 12. d3 Qc7 13. Nbd2 e5 14. Nc4 Bd6 15. Nxd6 Qxd6 16. d4 e4 17. Ne5 Re8 18. e3 Nb6 19. Nc4 Nxc4 20. bxc4 Bg4 21. Bc3 Qd7 22. Qd2 Bf3 23. Bxa5 h5 24. Bc3 h4 25. d5 Qg4 26. h3 Qf5 27. Bxf6 Qxf6 28. Bxf3 Qxf3 29. Qd1 Qf5 30. Qg4 Qxg4 31. hxg4 hxg3 32. fxg3 cxd5 33. cxd5 Red8 34. Rfd1 Kf8 35. Rd4 Ra5 36. d6 Ra6 37. d7 g6 38. a4 Re6 39. Rf1 Ke7 40. Rf4 Rxd7 41. Rxf7+ Kxf7 42. Rxd7+ Re7 43. Rd4 Kf6 44. Kg2 Kg5 45. Rd6 Rc7 46. Rb6 Rc4 47. a5 Ra4 48. Rxb7 Kxg4 49. Re7 Ra2+ 50. Kf1 Kf3 51. Rf7+ Kxe3 52. Rf6 Rxa5 53. Rxg6 Ra1+ 54. Kg2 Ke2 55. Re6 e3 56. g4 Ra4 57. Kg3 Ra1 58. g5 Kd2 59. Kf3 Rf1+ 60. Kg2 Rf5 61. g6 e2 62. Kg3 Rg5+ 63. Kf4 Rxg6 64. Rxg6 e1=Q 65. Rg2+ Kd3 66. Rg3+ Kd4 67. Rg4 Qf2+ 68. Kg5+ Ke5 69. Kh5 Qf7+ 70. Kh4 Kf5 71. Kg3 Qc7+ 72. Kh4 Qh2# 0-1


[Site "https://www.chess.com"]

[Event "Titled Tuesday Blitz March 07 Late 2023"]
[White "Djordjevic, Dejan N"]
[Black "Martynov, Pavel"]
[WhiteFideId "913316"]
[BlackFideId "4101260"]
[WhiteElo "2261"]
[BlackElo "2314"]
[Result "0-1"]
[Round "05"]
[TimeControl "180+2"]
[Date "2023.03.07"]
[WhiteClock "0:00:09"]
[BlackClock "0:00:14"]

1. e4 c5 2. Nc3 e6 3. g3 Nc6 4. Bg2 Nf6 5. Nge2 d5 6. exd5 exd5 7. d4 Be7 8. O-O O-O 9. h3 h6 10. Be3 cxd4 11. Nxd4 Re8 12. Nce2 Ne5 13. b3 Bd7 14. Nf4 Rc8 15. Kh2 g5 16. Nxd5 Nxd5 17. Bxd5 Bxh3 18. Bxf7+ Nxf7 19. Kxh3 Bf6 20. c4 Qd7+ 21. Qg4 Qxg4+ 22. Kxg4 Bxd4 23. Bxd4 Re4+ 24. Kh5 Rxd4 25. Rae1 Rc7 26. Re2 Kg7 27. Rfe1 g4 28. Re4 Rc5+ 29. Kxg4 Rd2 30. R1e2 Rd3 31. Re7 b5 32. cxb5 Rxb5 33. Rxa7 Rd6 34. f4 h5+ 35. Kh4 Kg6 36. Re8 Nh6 37. Kh3 Rbd5 38. Rae7 Rd3 39. Re6+ Rxe6 40. Rxe6+ Kg7 41. Re5 Kg6 42. Rg5+ Kf6 43. Rxh5 Nf5 44. Rg5 Rd2 45. a4 Rb2 46. Kg4 Ne3+ 47. Kh5 Rxb3 48. a5 Ra3 49. Rb5 Nf5 50. g4 Rh3# 0-1


[Site "https://www.chess.com"]

[Event "Titled Tuesday Blitz March 07 Late 2023"]
[White "Gubajdullin, Alexei"]
[Black "Oganian, Miran"]
[WhiteFideId "4141202"]
[BlackFideId "4122488"]
[WhiteElo "2267"]
[BlackElo "2323"]
[Result "1-0"]
[Round "05"]
[TimeControl "180+2"]
[Date "2023.03.07"]
[WhiteClock "0:01:30"]
[BlackClock "0:01:35"]

1. d4 e6 2. Nf3 d5 3. Bf4 g6 4. e3 Bg7 5. Be2 Nf6 6. h3 O-O 7. O-O b6 8. c3 Bb7 9. a4 a5 10. Na3 Nbd7 11. Nb5 Rc8 12. b4 axb4 13. cxb4 Ba6 14. a5 Bxb5 15. Bxb5 c6 16. Ba6 Ra8 17. Bb7 Ra7 18. Bxc6 bxa5 19. Bd6 Re8 20. Ne5 Nb8 21. Bxe8 Qxd6 22. Bb5 Qxb4 23. Qb1 Qd6 24. Rc1 Bh6 25. Rc8+ Kg7 26. Qc2 Na6 27. Bxa6 Qxa6 28. Qc5 Ne4 29. Qf8+ Kf6 30. Ng4+ Kf5 31. Qxh6 1-0


[Site "https://www.chess.com"]

[Event "Titled Tuesday Blitz March 07 Late 2023"]
[White "Golubka, Petro"]
[Black "Derige Kane, Yan"]
[WhiteFideId "14114224"]
[BlackFideId "20665431"]
[WhiteElo "2391"]
[BlackElo "2149"]
[Result "0-1"]
[Round "05"]
[TimeControl "180+2"]
[Date "2023.03.07"]
[WhiteClock "0:00:14"]
[BlackClock "0:00:15"]

1. e4 c6 2. d4 d5 3. f3 dxe4 4. fxe4 e5 5. Nf3 Bg4 6. Bc4 Nd7 7. h3 Bxf3 8. Qxf3 Ngf6 9. c3 Bd6 10. Be3 O-O 11. Nd2 Qe7 12. O-O-O b5 13. Bd3 c5 14. dxc5 Bxc5 15. Bxb5 Bxe3 16. Qxe3 Nc5 17. Bc4 Rfc8 18. b3 a5 19. Rhf1 a4 20. Rxf6 gxf6 21. b4 Ne6 22. Rf1 Nf4 23. g3 Ne6 24. h4 Kg7 25. Bd5 Qxb4 26. c4 Rab8 27. Qf3 Qb2+ 28. Kd1 Qa1+ 29. Ke2 Nd4+ 30. Kd3 Nxf3 31. Rxa1 Nxd2 32. Kxd2 Rb2+ 33. Kc3 a3 34. g4 h6 35. h5 Rcb8 36. c5 Kf8 37. Rd1 Ke7 38. Bb3 Re2 39. Bd5 Re3+ 40. Kc4 Re2 41. Kc3 Rbb2 42. c6 Rec2+ 43. Kd3 Kd6 44. Ke3 Rc3+ 45. Rd3 Rxd3+ 46. Kxd3 Rg2 47. Kc4 Rxg4 48. Kb4 Rg3 49. Kb5 f5 50. Kb6 fxe4 51. c7 Rc3 0-1


[Site "https://www.chess.com"]

[Event "Titled Tuesday Blitz March 07 Late 2023"]
[White "Martin Carmona, Gaston Manuel"]
[Black "Iliaguev, Nisim"]
[WhiteFideId "22284567"]
[BlackFideId "2817276"]
[WhiteElo "2245"]
[BlackElo "2241"]
[Result "0-1"]
[Round "05"]
[TimeControl "180+2"]
[Date "2023.03.07"]
[WhiteClock "0:00:25"]
[BlackClock "0:00:16"]

1. d4 Nf6 2. c4 e6 3. Nc3 Bb4 4. Qc2 c6 5. e4 d5 6. e5 Nfd7 7. Bd3 dxc4 8. Bxc4 Nb6 9. Bd3 Qxd4 10. Nf3 Qd8 11. Bg5 Be7 12. h4 h6 13. Bxe7 Qxe7 14. O-O-O N8d7 15. Ne4 O-O 16. g4 Nd5 17. g5 h5 18. Nf6+ gxf6 19. gxf6 N7xf6 20. exf6 Qxf6 21. Rhg1+ Kh8 22. Ng5 e5 23. Qe2 Bg4 24. Rxg4 hxg4 25. Kb1 Nf4 26. Qxg4 Rad8 27. Qf3 Rxd3 28. Rxd3 Qg6 29. Ne4 Nxd3 30. Qxd3 Kg7 31. a3 f5 32. Nc5 Rf7 33. Qc3 Qd6 34. h5 Qd1+ 35. Ka2 Qd5+ 36. Ka1 Kh6 37. Nd3 Rg7 38. b3 Qd4 39. Kb2 Qxc3+ 40. Kxc3 e4 41. Nf4 Rd7 42. a4 Kg5 43. Ne6+ Kxh5 44. Nc5 Re7 45. Kd4 Kg4 46. a5 a6 47. Ke3 f4+ 48. Ke2 e3 49. f3+ Kf5 50. b4 Ke5 51. Kd3 Kd5 52. Ne4 Rxe4 53. fxe4+ Ke5 0-1


[Site "https://www.chess.com"]